 Dungeon Crawl Stone Soup version 0.29.0-13-gc9e81de378 (webtiles) character file.

Game seed: 10197592284762235054

14 masschaos23 the Ruffian (level 2, 0/27 HPs)
             Began as a Ghoul Chaos Knight on Sept 7, 2022.
             Was a Plaything of Xom.
             Killed from afar by a white imp (6 damage)
             ... with a puff of frost
             ... summoned by Xom
             ... on level 1 of the Dungeon.
             The game lasted 00:01:47 (266 turns).

masschaos23 the Ruffian (Ghoul Chaos Knight)         Turns: 266, Time: 00:01:47

Health: 0/27       AC:  4    Str: 15      XL:     2   Next: 45%
Magic:  1/1        EV: 15    Int:  7      God:    Xom [...*..]
Gold:   2          SH:  0    Dex:  7 (8)  Spells: 1/1 levels left

rFire   . . .      SeeInvis .     - Unarmed
rCold   + . .      Faith    .   (no shield)
rNeg    + + +      Spirit   .   c - +1 leather armour {Will+}
rPois   ∞          Reflect  .   (no helmet)
rElec   .          Harm     .   (no cloak)
rCorr   .          Rampage  .   (no gloves)
Will    +....                   (no boots)
Stlth   +.........              (no amulet)
HPRegen 0.00/turn               d - +4 ring of evasion
MPRegen 0.07/turn               (no ring)

@: inhibited regen
A: claws 1, cold resistance 1, negative energy resistance 3, inhibited
regeneration, torment resistance 2, devour on kill
a: Renounce Religion


You were on level 1 of the Dungeon.
You worshipped Xom.
You were a favourite toy of Xom.
You visited 1 branch of the dungeon, and saw 1 of its levels.

You collected 2 gold pieces.

Inventory:

Armour
 a - a +2 leather armour
 c - a +1 leather armour of willpower (worn)
Jewellery
 d - a +4 ring of evasion (left claw)
Scrolls
 e - a scroll of silence {unknown}
 f - a scroll of immolation {unknown}
 g - a scroll of blinking {unknown}
 i - a scroll of noise {unknown}
Potions
 h - a potion of haste {unknown}
Miscellaneous
 b - a piece from Xom's chessboard (15/15) (quivered)


   Skills:
 + Level 3.6 Fighting
 + Level 1.9 Armour
 + Level 0.8 Dodging
 + Level 3.7 Unarmed Combat


You had one spell level left.
You didn't know any spells.
Your spell library was empty.

Dungeon Overview and Level Annotations

Branches:
Dungeon (1/15)

Altars:


Innate Abilities, Weirdness & Mutations

You are immune to poison.
You have sharp fingernails.
Your flesh is cold resistant. (rC+)
You are immune to negative energy. (rN+++)
You do not regenerate when monsters are visible.
You are immune to unholy pain and torment.
You thrive by killing the living.


Message History

The quasit is almost dead.
The quasit closely misses you. The quasit misses you. x2
The quasit bites you but does no damage.
The quasit claws you but does no damage. x2
You scratch the quasit but do no damage.
The quasit is almost dead.
The quasit bites you. The quasit barely misses you.
The quasit closely misses you.
You miss the quasit. Your claw misses the quasit.
The quasit is almost dead.
The quasit bites you. The quasit completely misses you.
The quasit closely misses you.
You scratch the quasit but do no damage.
The quasit is almost dead.
The quasit completely misses you. x2
The quasit claws you but does no damage.
You scratch the quasit.
You kill the quasit!
The quasit disappears in a puff of smoke!
You scratch the white imp but do no damage.
The white imp lashes its tail.
The white imp misses you.
You barely miss the white imp. The white imp misses you.
You barely miss the white imp.
The white imp grinds its teeth.
The white imp gestures at you. The puff of frost hits you. You resist.
* * * LOW HITPOINT WARNING * * *
You scratch the white imp but do no damage.
You scratch the white imp.
The white imp is heavily wounded.
The white imp gestures at you. The puff of frost hits you. You resist.
* * * LOW HITPOINT WARNING * * *
You scratch the white imp but do no damage.
The white imp is heavily wounded.
The white imp gestures at you. The puff of frost hits you. You resist.
You die... "I guess I need a new plaything now."

##..####.###.####...) .. ######
#....#.. #......... .. ....
###..#.#+ ###.....#... ..####..#
#......# ......#####
.....#..######....# ###...###...
.....#..#.........# ......##..#[
.................##+##.....#.....
.............#####...# #...#.#.
##...........'.'@5.<.+ +..#....
##.##.......#####...#####.....#.
#.###..........##+##...........
#.# ##..........# #..........#.
#.# #..........# #............
#.# ##..........# #...##......#
#.# #....[......#+#....#.##....
#.# #.####...................##
#.###.##...#..........#.####...


You could see a white imp (summoned).

Vanquished Creatures
  A dart slug (D:1)
  A bat (D:1)
  A goblin (D:1)
  2 hobgoblins (D:1)
  3 kobolds (D:1)
  A quokka (D:1)
  A ball python (D:1)
  A rat (D:1)
11 creatures vanquished.

Notes
Turn   | Place    | Note
-------+----------+-------------------------------------------
     0 | D:1      | masschaos23 the Ghoul Chaos Knight began the quest for the
                  | Orb.
     0 | D:1      | Reached XP level 1. HP: 19/19 MP: 0/0
    71 | D:1      | XOM: silly message
    78 | D:1      | XOM: potion effect (brilliance)
    84 | D:1      | Reached XP level 2. HP: 26/26 MP: 1/1
   246 | D:1      | XOM: summons 2 hostile demons
   266 | D:1      | Killed from afar by a white imp

Illustrated notes

Levels and vault maps discovered:
D:1:      minmay_arrival_doors, layout_rooms, shapermc_ecumenical_altar_petra,
          bh_walls_and_bars

Action                   || total
-------------------------++-------
Melee: Unarmed           ||    41
       Punch             ||     1
Armor: Leather armour    ||    12
Dodge: Dodged            ||    48
